 Dungeon Crawl Stone Soup version 0.31-a0-868-g674d60d6f7 (webtiles) character file.

Game seed: 4227301969917334386

726 LeprechaunX the Changeling (level 7, -6/46 HPs)
             Began as an Octopode Shapeshifter on Oct 11, 2023.
             Was an Initiate of Hepliaklqana.
             Succumbed to Sigmund's poison
             ... on level 5 of the Dungeon.
             The game lasted 00:06:54 (3178 turns).

LeprechaunX the Changeling (Octopode Shapeshifter)  Turns: 3178, Time: 00:06:54

Health: -6/46      AC:  1    Str: 16      XL:     7   Next: 72%
Magic:  17/17      EV: 13    Int: 12      God:    Hepliaklqana [......]
Gold:   206        SH:  0    Dex: 10 (11) Spells: 6/6 levels left

rFire   . .          .
                       - Unarmed
rCold   . . .        (no shield)
rNeg    . . .        (helmet currently unavailable)
rPois   .            g - amulet of regeneration
rElec   .            n - ring of magical power
rCorr   .            (no ring)
SInv    .            (no ring)
Will    .....        (no ring)
Stlth   ++           (no ring)
HPRegen 1.07/turn    (no ring)
MPRegen 0.15/turn    (no ring)
                     (no ring)

%: no passive effects
@: lethally poisoned (-6 -> -35), beast-form
A: beast (slay +3), almost no armour, amphibious, 8 rings, camouflage 1,
gelatinous body 1, (nimble swimmer 1), tentacles
a: Begin Untransformation, Renounce Religion


You were on level 5 of the Dungeon.
You worshipped Hepliaklqana.
Hepliaklqana was noncommittal.
You were a hulking beast.
You visited 2 branches of the dungeon, and saw 6 of its levels.

You collected 206 gold pieces.

Inventory:

Hand Weapons
 a - a +0 sling
Missiles
 m - 4 javelins (quivered)
 t - 4 silver javelins
Jewellery
 g - an amulet of regeneration (around mantle)
 n - a ring of magical power (left tentacle)
Talismans
 b - a beast talisman (active)
 c - a flux talisman
Scrolls
 d - 4 scrolls of identify {unknown}
 k - a scroll of amnesia {unknown}
 l - 3 scrolls of teleportation {unknown}
 o - a scroll of blinking {unknown}
 p - 3 scrolls of noise {unknown}
 q - 3 scrolls of enchant armour {unknown}
 r - a scroll of revelation {unknown}
 s - a scroll of fear {unknown}
Potions
 e - a potion of berserk rage {unknown}
 f - 3 potions of curing {unknown}
 h - a potion of cancellation {unknown}
 i - a potion of heal wounds {unknown}
 j - 2 potions of mutation {unknown}
 u - a potion of invisibility {unknown}


   Skills:
 + Level 3.4 Fighting
 + Level 3.9 Dodging
 + Level 4.6 Unarmed Combat
 + Level 2.1 Invocations
 * Level 5.4 Shapeshifting


You had 6 spell levels left.
You didn't know any spells.
Your spell library contained the following spells:

 Spells                   Type           Power      Damage    Failure   Level
 Volatile Blastmotes      Fire/Tloc      0%         2d10      69%         3
 Fulminant Prism          Conj/Hex       0%         3d5       97%         4
 Iskenderun's Mystic Bla  Conj/Tloc      0%         2d3       97%         4
 Conjure Ball Lightning   Conj/Air       0%         3x3d6     100%        6
 Haunt                    Necr/Summ      0%         N/A       100%        7
 Borgnjor's Revivificati  Necr           0%         N/A       100%        8
 Discord                  Hex            0%         N/A       100%        8
 Disjunction              Tloc           0%         N/A       100%        8
 Death's Door             Necr           0%         N/A       100%        9


Dungeon Overview and Level Annotations

Branches:
Dungeon (5/15)             Temple (1/1) D:4

Altars:
Cheibriados
Fedhas
Gozag
Hepliaklqana
Qazlal
Ru
Trog
Vehumet
Wu Jian
Xom
Yredelemnul
The Shining One
Jiyva

Shops:
D:1 =

Annotations:
D:5 Sigmund


Innate Abilities, Weirdness & Mutations

You are a hulking beast.
Your limbs bulge with bestial killing power. (Slay +3)
You cannot wear most types of armour.
You are amphibious.
You can wear up to eight rings at the same time.
Your skin changes colour to match your surroundings (Stealth+).
Your rubbery body absorbs attacks. (AC +1, EV +1)
((You are camouflaged when in or above water. (Stealth+)))
You have tentacles for arms and can constrict up to eight enemies at once.


Message History

You now have 189 gold pieces (gained 6).
Found 4 stones.
Found an escape hatch in the floor.
There is an escape hatch in the floor here.
You now have 206 gold pieces (gained 17).
Sigmund the Dreaded comes into view.
He is wielding a +1 scythe of venom and wearing a +2 robe of willpower.
Sigmund is nearby!
Sigmund is nearby!
Sigmund shouts!
Throw: 6 javelins
Press: ? - help, Q - select action, (/) - cycle Shift-Dir - straight line, f - Sigmund
Aim: Sigmund, wielding a +1 scythe of venom and wearing a +2 robe of willpower (53% to hit)
You throw a javelin. The javelin pierces through Sigmund.
Sigmund is lightly wounded.
Throw: 5 javelins
Press: ? - help, Q - select action, (/) - cycle Shift-Dir - straight line, f/p - Sigmund
Aim: Sigmund, wielding a +1 scythe of venom and wearing a +2 robe of willpower (lightly wounded, 53% to hit)
You throw a javelin. The javelin pierces through Sigmund!
Sigmund is heavily wounded.
Sigmund mumbles some strange words.
Sigmund flickers and vanishes!
Deactivating autopickup; reactivate with Ctrl-A.
You see here 4 stones.
Something hits you.
You are poisoned.
You feel very sick.
You feel very sick. Something hits you!
You are more poisoned.
You feel very sick.
You feel very sick.
You feel very sick. Something hits you.
You are more poisoned.
* * * LOW HITPOINT WARNING * * *
You feel very sick. Something hits you!
* * * LOW HITPOINT WARNING * * *
You are more poisoned.
You die...

#.##.#......#####
#....(..#####
####.......#
#..####.######
#..####......#
##....##......#
##.#.#.##......#
##.#............#
#h###...###.....##
##>#.#### #......#
##.## ##.)..#.#
#.# ####...#.#.#
#.###........#.#
#.##.§......##.#
#....≈≈.≈≈.....#
.##...§.≈...##.# .
#.≈.....≈.# ..


There were no monsters in sight!

Vanquished Creatures
  Edmund (D:4)
  An orc warrior (D:5)
  An ice beast (D:5)
  A howler monkey (D:5)
  A quasit (D:5)
  A jelly (D:5)
  A hound (D:5)
  2 orc priests (D:5)
  An iguana (D:4)
  3 orc wizards (D:5)
  4 adders
  A shadow imp (D:5)
  An ufetubus (D:5)
  2 worms (D:4)
  7 orcs
  2 bats (D:1)
  5 endoplasms
  A giant cockroach (D:4)
  8 goblins
  8 hobgoblins
  7 jackals
  6 kobolds
  5 quokkas
  4 ball pythons
  5 frilled lizards
  5 rats (D:1)
  A spectral goblin (D:4)
85 creatures vanquished.

Notes
Turn   | Place    | Note
-------+----------+-------------------------------------------
     0 | D:1      | LeprechaunX the Octopode Shapeshifter began the quest for
                  | the Orb.
     0 | D:1      | Reached XP level 1. HP: 13/13 MP: 1/1
    73 | D:1      | Found Lirin's Jewellery Shop.
   119 | D:1      | Reached XP level 2. HP: 18/18 MP: 2/2
   447 | D:1      | Reached XP level 3. HP: 21/23 MP: 3/3
   953 | D:2      | Found the +7 Kryia's mail coat {PotionHeal*2 rC+}
  1520 | D:3      | Reached XP level 4. HP: 29/29 MP: 4/4
  2206 | D:4      | Noticed Edmund
  2232 | D:4      | Killed Edmund
  2233 | D:4      | Reached skill level 4 in Shapeshifting
  2233 | D:4      | Reached XP level 5. HP: 14/35 MP: 5/5
  2281 | D:4      | Found a blossoming altar of Fedhas.
  2336 | D:4      | Reached XP level 6. HP: 19/41 MP: 6/6
  2650 | D:4      | Found a staircase to the Ecumenical Temple.
  2668 | Temple   | Entered the Ecumenical Temple
  2672 | Temple   | Became a worshipper of Ru the Awakened
  2788 | D:4      | Found a hazy altar of Hepliaklqana.
  2803 | D:4      | Fell from the grace of Ru
  2803 | D:4      | Became a worshipper of Hepliaklqana the Forgotten
  2884 | D:5      | Entered Level 5 of the Dungeon
  2884 | D:5      | Noticed an ice beast
  2889 | D:5      | Killed an ice beast
  2899 | D:5      | Reached skill level 1 in Invocations
  2907 | D:5      | Reached XP level 7. HP: 39/46 MP: 7/7
  2911 | D:5      | Reached skill level 5 in Shapeshifting
  3090 | D:5      | Found a glowing golden altar of the Shining One.
  3161 | D:5      | Noticed Sigmund
  3177 | D:5      | HP: 1/46 [something (9)]
  3178 | D:5      | Succumbed to Sigmund's poison

Illustrated notes

Levels and vault maps discovered:
D:1:      wheals_arrival_linesprint, layout_basic, serial_shops, shop_fountains
D:2:      layout_basic
D:3:      layout_basic
D:4:      layout_rooms, mainiacjoe_overflow_tiny_flanked,
          nicolae_hepliaklqana_monster_ancestors, minmay_temple_entry_trees,
          serial_forest, infiniplex_forest_clump_medium,
          infiniplex_forest_lined_3_way, infiniplex_forest_lined_3,
          infiniplex_forest_zigzag_2, infiniplex_forest_lined_room_2,
          infiniplex_forest_lined_ring, infiniplex_forest_clump_cross,
          infiniplex_forest_clump_double, infiniplex_forest_corner_1,
          uniq_edmund
D:5:      layout_loops_cross, mainiacjoe_overflow_surrounded_room,
          mainiacjoe_overflow_small_starburst, serial_demonic, serial_demonic_f,
          serial_demonic_b, serial_demonic_e, serial_demonic_f,
          serial_demonic_d, serial_demonic_d, serial_demonic_b, uniq_menkaure,
          uniq_sigmund
Temple:   pf_slimified_temple

Skill      XL: |  1  2  3  4  5  6  7 |
---------------+----------------------+-----
Fighting       | 2 3 |  3.4
Dodging        | 3 |  3.9
Shapeshifting  | 4 5 |  5.4
Unarmed Combat | 4 |  4.6
Invocations    | 1 2 |  2.1

Action                     |  1- 3 |  4- 6 |  7- 9 || total
---------------------------+-------+-------+-------++-------
  Melee: Unarmed           |    58 |    95 |    36 ||   189
         Tentacles         |     9 |    18 |    15 ||    42
         Constrict         |    15 |    15 |    10 ||    40
         Punch             |     2 |     3 |     6 ||    11
   Fire: Sling             |       |     2 |       ||     2
  Throw: Javelin           |       |     5 |     2 ||     7
    Use: Potion            |       |     1 |       ||     1
   Stab: Sleeping          |     8 |     1 |       ||     9
 Armour: Skin              |    18 |    39 |    22 ||    79
  Dodge: Dodged            |    25 |    31 |    24 ||    80

Table legend: (Time is in decaauts)
 A = Elapsed time spent in this place.
 B = Non-inter-level travel time spent in this place.
 C = Inter-level travel time spent in this place.
 D = Time resting spent in this place.
 E = Time spent auto-exploring this place.
 F = Levels seen in this place.
 G = Mean time per level.
                   A        B        C        D        E       F      G
               +--------+--------+--------+--------+--------+-----+--------+
         Total |   3169 |   2901 |    268 |     54 |   2299 |   6 |  528.2 |
       Dungeon |   3157 |   2895 |    262 |     54 |   2299 |   5 |  631.4 |
        Temple |     11 |      5 |      6 |      0 |      0 |   1 |   11.0 |
               +--------+--------+--------+--------+--------+-----+--------+

Top non-repeatable levels by time:
     D:1: 940 daAuts
     D:3: 712 daAuts
     D:4: 682 daAuts
     D:2: 529 daAuts
     D:5: 292 daAuts
  Temple: 11 daAuts
